 Dungeon Crawl Stone Soup version 0.28-a0-265-g048bc9fd10 (webtiles) character file.

Game seed: 10592759934642144873

6 imsrosales the Chopper (level 1, 0/20 HPs)
             Began as a Hill Orc Berserker on Aug 27, 2021.
             Was a Follower of Trog.
             Succumbed to a kobold's poison
             ... on level 1 of the Dungeon.
             The game lasted 00:07:00 (240 turns).

imsrosales the Chopper (Hill Orc Berserker)          Turns: 240, Time: 00:07:00

Health: 0/20       AC:  3    Str: 19    XL:     1   Next: 90%
Magic:  1/1        EV: 12    Int:  7    God:    Trog [*.....]
Gold:   0          SH:  0    Dex: 10    Spells: 0/0 levels left

rFire   . . .      SeeInvis .   a - +0 hand axe
rCold   . . .      Faith    .   (no shield)
rNeg    . . .      Spirit   .   b - +0 animal skin
rPois   .          Reflect  .   (no helmet)
rElec   .          Harm     .   (no cloak)
rCorr   .          Rampage  .   (no gloves)
Will    .....                   d - +0 pair of boots
Stlth   +.........              (no amulet)
HPRegen 0.06/turn               (no ring)
MPRegen 0.07/turn               (no ring)

@: lethally poisoned (0 -> -18)
A: no striking features
a: Renounce Religion, Berserk


You were on level 1 of the Dungeon.
You worshipped Trog.
Trog was aware of your devotion.
You visited 1 branch of the dungeon, and saw 1 of its levels.

Inventory:

Hand Weapons
 a - a +0 hand axe (weapon)
Armour
 b - a +0 animal skin (worn)
 c - a +0 robe
 d - a +0 pair of boots (worn)
Scrolls
 e - a scroll of fog {unknown}


   Skills:
 + Level 3.8 Fighting
 + Level 4.2 Axes
 + Level 2.3 Armour
 + Level 1.6 Dodging


You couldn't memorise any spells.
You didn't know any spells.
Your spell library was empty.

Dungeon Overview and Level Annotations

Branches:
Dungeon (1/15)

Altars:


Message History

Unknown command.
There are no items here.
A ball python comes into view.
The ball python hisses angrily.
The ball python barely misses you. The ball python grabs you.
The ball python constricts you. The ball python bites you.
The ball python constricts you.
You hit the ball python.
The ball python is severely wounded.
The ball python bites you. The ball python constricts you.
You hit the ball python.
You kill the ball python!
Trog accepts your kill.
You see here a ball python corpse.
You see here a ball python corpse.
You see here a ball python corpse.
You see here a ball python corpse.
A kobold comes into view. It is wielding a +0 dagger of venom.
The kobold shouts!
The kobold barely misses you.
You closely miss the kobold. The kobold hits you but does no damage.
You are poisoned.
You barely miss the kobold.
You feel sick. The kobold misses you. The kobold hits you but does no damage.
You are more poisoned.
You completely miss the kobold.
You feel very sick. The kobold hits you but does no damage.
You barely miss the kobold.
You feel sick.
The kobold hits you with a +0 dagger of venom.
You are more poisoned.
You hit the kobold but do no damage.
* * * LOW HITPOINT WARNING * * *
You feel very sick. The kobold hits you but does no damage.
You are more poisoned.
You hit the kobold.
You kill the kobold!
Trog accepts your kill.
You die...

#..#...#..#......#
#..'.<.'..######.#
#..#...#..# #.#
#..##.##..######.#
#...###........#.#
#..........#.....#
#..........#.#.###
#..........#.#.#####
.............#@#.....#
##.........####)#####.#
#######...# #.#####.#
#...# #.#...#.# #...#
#.#..##.# ...#
#.#..##.# #.#..##.#
..#.....# ##.####


There were no monsters in sight!

Vanquished Creatures
  3 jackals (D:1)
  A quokka (D:1)
  A ball python (D:1)
  A kobold (D:1)
6 creatures vanquished.

Notes
Turn   | Place    | Note
-------+----------+-------------------------------------------
     0 | D:1      | imsrosales the Hill Orc Berserker began the quest for the
                  | Orb.
     0 | D:1      | Reached XP level 1. HP: 19/19 MP: 1/1
   240 | D:1      | Succumbed to a kobold's poison

Illustrated notes

Levels and vault maps discovered:
D:1:      dpeg_arrival_shelter, layout_basic,
          shapermc_ecumenical_altar_rom_forum

Action                   || total
-------------------------++-------
Melee: Hand axe          ||    23
Armor: Animal skin       ||     8
Dodge: Dodged            ||    16

Table legend: (Time is in decaauts)
 A = Elapsed time spent in this place.
 B = Non-inter-level travel time spent in this place.
 C = Inter-level travel time spent in this place.
 D = Time resting spent in this place.
 E = Time spent auto-exploring this place.
 F = Levels seen in this place.
 G = Mean time per level.
                   A        B        C        D        E       F      G
               +--------+--------+--------+--------+--------+-----+--------+
         Total |    242 |    104 |    138 |      0 |      0 |   1 |  242.0 |
       Dungeon |    242 |    104 |    138 |      0 |      0 |   1 |  242.0 |
               +--------+--------+--------+--------+--------+-----+--------+

Top non-repeatable levels by time:
     D:1: 242 daAuts
